 Dungeon Crawl Stone Soup version 0.13.0-13-g27bfa31 (webtiles) character file.

1108 Pseudok the Quickloader (level 7, -7/60 HPs)
             Began as a Deep Dwarf Hunter on Oct 19, 2013.
             Hit by a spear thrown by an orc warrior (12 damage)
             ... on Level 6 of the Dungeon.
             The game lasted 01:20:13 (3854 turns).

Pseudok the Quickloader (Deep Dwarf Hunter)         Turns: 3854, Time: 01:20:14

HP  -7/60        AC 13     Str 16      XL: 7   Next: 65%
MP   6/6         EV  6     Int 11      God:
Gold 275         SH  0     Dex 15      Spells:  0 memorised,  6 levels left

Res.Fire  : . . .   See Invis. : .   b - +2,+1 dwarf crossbow
Res.Cold  : . . .   Warding    : .   j - +0 chain mail
Life Prot.: . . .   Conserve   : .   (no shield)
Res.Poison: .       Res.Corr.  : .   (no helmet)
Res.Elec. : .       Clarity    : .   q - +0 cloak
Sust.Abil.: . .     Spirit.Shd : .   p - +2 pair of gauntlets
Res.Mut.  : .       Stasis     : .   (no boots)
Res.Rott. : .       Flight     : .   (no amulet)
Saprovore : . . .                    (no ring)
                                     m - ring of wizardry

@: non-regenerating, invisible, very slightly contaminated, somewhat resistant
to hostile enchantments, extremely unstealthy
A: damage resistance, recharge devices, sense surroundings 1, slow healing 3
a: Device Recharging


You were on level 6 of the Dungeon.
You were not hungry.

You visited 1 branch of the dungeon, and saw 6 of its levels.

You collected 255 gold pieces.

Inventory:

Hand weapons
 b - a +2,+1 dwarven crossbow (weapon)
 i - a +0,+2 orcish trident of protection
 k - a +3,+1 dwarven hand axe
 v - a +2,+2 orcish flail of protection
 y - a +0,+0 sling of flame
 G - a +0,+2 spear of distortion
Missiles
 c - 35 bolts (quivered)
Armour
 h - a +0 cloak
 j - a +0 chain mail (worn)
 p - a +2 pair of gauntlets (worn)
 q - a +0 cloak (worn)
 F - a +2 ring mail
Magical devices
 e - a wand of heal wounds (0)
Comestibles
 f - a bread ration
Scrolls
 a - a scroll of remove curse {unknown}
 r - a scroll of enchant weapon II {unknown}
 w - a scroll of recharging {unknown}
 A - 2 scrolls of magic mapping
 E - 2 scrolls of amnesia {unknown}
Jewellery
 m - a ring of wizardry (left hand)
 x - an uncursed amulet of rage
Potions
 g - 2 potions of cure mutation
 l - a potion of confusion {unknown}
 o - a potion of speed
 z - a potion of berserk rage {unknown}
 C - a potion of porridge {unknown}
 D - a potion of curing {unknown}
Books
 u - a book of the Dragon

   Spells                             Type                      Level
   Flight                             Charms/Air                   3
   Cause Fear                         Hexes                        4
   Bolt of Fire                       Conjuration/Fire             6
   Dragon Form                        Transmutation                7
   Summon Dragon                      Summoning                    9


   Skills:
 + Level 1.6 Fighting
   Level 1.0 Short Blades
 + Level 1.6 Axes
 + Level 8.5 Crossbows
 + Level 0.8 Throwing
 + Level 3.1 Armour
 + Level 4.0 Dodging
 + Level 1.5 Stealth


You had 6 spell levels left.
You didn't know any spells.

Dungeon Overview and Level Annotations

Branches:
Dungeon (6/27)             Temple (0/1) D:5
    Orc: D:6-11

Altars:
Sif Muna
the Shining One

Shops:
D:4 }

Annotations:
D:5 Eustachio


Innate Abilities, Weirdness & Mutations

You are resistant to damage.
You can recharge devices by infusing magical energy.
You passively map a small area around you.
You do not heal naturally.


Message History

You shoot a bolt. The bolt hits the giant cockroach.
You kill the giant cockroach!
The orc warrior throws a spear.
The spear hits you!
The orc warrior throws a throwing net.
The throwing net hits you!
You become entangled in the net!
You cannot shoot with your crossbow while held in a net.
You try to slip out of the net.
Drink which item? (? for menu, Esc to quit)
You fade into invisibility!
The orc warrior hits you with an orcish scimitar!
* * * LOW HITPOINT WARNING * * *
The orc warrior hits you but does no damage.
You try to slip out of the net.
The orc warrior hits you with an orcish scimitar.
* * * LOW HITPOINT WARNING * * *
You slip out of the net!
The orc warrior barely misses you.
The orc warrior picks up a throwing net.
The orc warrior picks up a spear.
The orc warrior throws a spear.
The spear hits you!
You die...

. , , .# , ###.# *
, ..o.. . , .....
####.. * ..#..
#.#*#.#######..#.#
#@# ##.#.#.#.#.#.#
#.# #.#.#.#.#.#.#.
#.# ##.#.#o#.#s#.#
#.# #.#.#.#.#.#.#.
#o# ##.#%#.#.#.#.#
#.# #.#.#.#.#.#.#.
#(# ##.#.#.#.#.#.#
#.# #.#.#.#.#.#.#
#.# ##.#.#.#.#.#


You could see an orc warrior.

Vanquished Creatures
  An ogre (D:4)
  A centaur (D:5)
  2 crimson imps
  An iguana (D:6)
  2 orc priests
  6 orc wizards
  2 worker ants
  Jessica (D:2)
  Terence (D:2)
  6 adders
  7 gnolls
  An inept feature mimic (D:3)
  2 giant mites
  3 worms
  A giant gecko (D:6)
  An ooze (D:3)
  23 orcs
  14 bats
  5 giant cockroaches
  11 goblins
  8 hobgoblins
  3 jackals (D:1)
  5 kobolds
  2 quokkas
  A ball python (D:2)
  2 giant newts
  A goblin skeleton (D:5)
  A goblin zombie (D:5)
  An orc skeleton (D:4)
  10 rats
  A rat skeleton (D:4)
126 creatures vanquished.

Notes
Turn   | Place    | Note
--------------------------------------------------------------
     0 | D:1      | Pseudok, the Deep Dwarf Hunter, began the quest for the Orb.
     0 | D:1      | Reached XP level 1. HP: 19/19 MP: 0/0
   293 | D:1      | Reached XP level 2. HP: 26/26 MP: 1/1
   304 | D:1      | Reached skill level 5 in Crossbows
   467 | D:2      | Reached skill level 1 in Fighting
   500 | D:2      | Noticed Terence
   502 | D:2      | Killed Terence
   502 | D:2      | Reached XP level 3. HP: 27/32 MP: 2/2
   735 | D:2      | Noticed Jessica
   738 | D:2      | Killed Jessica
   738 | D:2      | Reached skill level 1 in Armour
   738 | D:2      | Reached XP level 4. HP: 32/39 MP: 3/3
   773 | D:2      | Reached skill level 6 in Crossbows
  1203 | D:3      | Reached XP level 5. HP: 35/45 MP: 4/4
  1646 | D:3      | Found a glowing golden altar of the Shining One.
  2049 | D:4      | Found Azailin's Gadget Boutique.
  2052 | D:4      | Reached skill level 1 in Short Blades
  2052 | D:4      | Reached skill level 7 in Crossbows
  2052 | D:4      | Reached XP level 6. HP: 32/52 MP: 5/5
  2356 | D:4      | Noticed an ogre
  2787 | D:4      | Killed an ogre
  2787 | D:4      | Reached skill level 1 in Axes
  2952 | D:5      | Entered Level 5 of the Dungeon
  2952 | D:5      | Found a staircase to the Ecumenical Temple.
  2984 | D:5      | Found a deep blue altar of Sif Muna.
  2995 | D:5      | Reached XP level 7. HP: 43/60 MP: 6/6
  3230 | D:5      | Reached skill level 8 in Crossbows
  3394 | D:6      | Noticed Eustachio
  3854 | D:6      | Hit by a spear thrown by an orc warrior

Action                   |  1- 3 |  4- 6 |  7- 9 || total
-------------------------+-------+-------+-------++-------
Melee: Short sword       |    29 |    22 |       ||    51
       Hand axe          |       |    68 |    83 ||   151
 Fire: Crossbow          |    28 |   103 |    37 ||   168
Throw: Dagger            |     4 |     1 |    13 ||    18
Evoke: Wand              |       |     5 |       ||     5
  Use: Scroll            |     3 |     9 |     2 ||    14
       Potion            |       |     2 |     2 ||     4
